 Dungeon Crawl Stone Soup version 0.23-a0-274-g77505739ee (webtiles) character file.

492 Banto the Poker (level 6, 0/45 HPs)
             Began as a Demonspawn Gladiator on Oct 2, 2018.
             Slain by Edmund
             ... wielding a +2 flail of crushing
              (6 damage)
             ... on level 6 of the Dungeon.
             The game lasted 00:04:31 (4148 turns).

Banto the Poker (Demonspawn Gladiator)              Turns: 4148, Time: 00:04:31

Health: 0/45       AC:  9    Str: 16    XL:     6   Next: 91%
Magic:  6/6        EV: 10    Int:  9    God:
Gold:   220        SH:  0    Dex: 15    Spells: 5/5 levels left

rFire    . . .     SeeInvis .   a - +1 trident
rCold    . . .     Gourm    .   (no shield)
rNeg     + . .     Faith    .   p - +1 scale mail
rPois    .         Spirit   .   (helmet restricted)
rElec    .         Reflect  .   b - +0 cloak
rCorr    .         Harm     .   (no gloves)
MR       .....                  (no boots)
Stlth    ..........             (no amulet)
HPRegen  0.15/turn              r - ring of positive energy
MPRegen  0.10/turn              (no ring)

@: no status effects
A: horns 1, rugged brown scales 1, powered by pain 1, spiny 1
a: no special abilities


You were on level 6 of the Dungeon.
You were hungry.

You visited 2 branches of the dungeon, and saw 7 of its levels.

You collected 220 gold pieces.

Inventory:

Hand Weapons
 a - a +1 trident (weapon)
Missiles
 d - 3 throwing nets (quivered)
Armour
 b - a +0 cloak (worn)
 p - a +1 scale mail (worn)
Jewellery
 r - a ring of positive energy (left hand)
Wands
 v - a wand of flame (29)
Scrolls
 i - 4 scrolls of remove curse
 l - a scroll of teleportation
 n - a scroll of enchant weapon
 o - a scroll of enchant armour
 t - a scroll of fog
Potions
 c - 5 potions of curing
 e - 2 potions of lignification
 g - a potion of flight
 h - a potion of haste
 j - a potion of berserk rage {unknown}
 k - 2 potions of brilliance
 q - a potion of resistance
 s - 2 potions of agility
Comestibles
 f - 12 rations


   Skills:
 - Level 2.0 Fighting
 + Level 7.2 Polearms
 - Level 1.7 Throwing
 - Level 2.6 Dodging


You had 5 spell levels left.
You didn't know any spells.
Your spell library contained the following spells:

 Spells                   Type           Power        Failure   Level  Hunger
 Confusing Touch          Hex            #.....       83%         1    ##.....
 Summon Small Mammal      Summ           #...         83%         1    ##.....
 Call Imp                 Summ           #.......     93%         2    ###....
 Call Canine Familiar     Summ           #.......     99%         3    ####...
 Confuse                  Hex            #.......     99%         3    ####...
 Gell's Gravitas          Tloc           #.........   99%         3    ####...
 Summon Guardian Golem    Hex/Summ       #.......     99%         3    ####...
 Petrify                  Tmut/Erth      #.......     100%        4    #####..
 Summon Ice Beast         Ice/Summ       #.......     100%        4    #####..
 Summon Lightning Spire   Summ/Air       #.......     100%        4    #####..
 Metabolic Englaciation   Hex/Ice        #.........   100%        5    ######.
 Yara's Violent Unravell  Hex/Tmut       #.........   100%        5    ######.


Dungeon Overview and Level Annotations

Branches:
Dungeon (6/15)             Temple (1/1) D:4

Altars:
Ashenzari
Cheibriados
Dithmenos
Elyvilon
Fedhas
Hepliaklqana
Qazlal
Ru
Sif Muna
Trog
Uskayaw
Vehumet
Wu Jian
Xom
Yredelemnul
Zin
The Shining One
Lugonu

Annotations:
D:6 Edmund, Menkaure


Innate Abilities, Weirdness & Mutations

You have a pair of small horns on your head.
You are partially covered in rugged brown scales. (AC +1, +3% HP)
You sometimes gain a little power by taking damage.
You are partially covered in sharp spines.


Message History

* * * LOW HITPOINT WARNING * * *
Edmund barely misses you.
You take 3 damage, and have 9/45 hp.
Attack whom?
Press: ? - help, Dir - move target cursor, f/p - Menkaure
Aim: Menkaure (moderately damaged)
You reach to attack!
You puncture Menkaure!
Menkaure is severely damaged.
Menkaure calls on the powers of darkness!
Your body is wracked with pain!
* * * LOW HITPOINT WARNING * * *
You take 3 damage, and have 6/45 hp.
Attack whom?
Press: ? - help, Dir - move target cursor, f/p - Menkaure
Aim: Menkaure (severely damaged)
You reach to attack!
You barely miss Menkaure.
Menkaure is severely damaged.
Edmund is struck by your spines.
Edmund hits you with a flail of crushing.
You die...

#.# #.# #.#
[# #.# ###.#
#.# ...# #
#.##..#
.##.##...(.#
......†...:##
####......##
...####@## ##
#@# #M# #Z#
#.# ... #.#
..#


You could see Edmund, Menkaure and a leopard gecko skeleton.

Vanquished Creatures
  A centaur (D:5)
  A howler monkey (D:5)
  Crazy Yiuf (D:4)
  An orc wizard (D:5)
  Ijyb (D:5)
  An iguana (D:4)
  3 worker ants
  A hound zombie (D:5)
  3 gnolls (D:6)
  6 adders
  2 adder skeletons
  2 worms
  2 dart slugs (D:2)
  3 leopard geckos
  10 orcs
  4 giant cockroaches
  3 hobgoblins
  7 jackals
  5 bats
  2 frilled lizards
  8 goblins
  A jackal skeleton (D:4)
  13 kobolds
  8 rats
89 creatures vanquished.

Vanquished Creatures (others)
  A black bear (D:6)
1 creature vanquished.

Grand Total: 90 creatures vanquished

Notes
Turn   | Place    | Note
-------+----------+-------------------------------------------
     0 | D:1      | Banto the Demonspawn Gladiator began the quest for the Orb.
     0 | D:1      | Reached XP level 1. HP: 16/16 MP: 1/1
    54 | D:1      | Reached skill level 3 in Polearms
   370 | D:1      | Found a glowing golden altar of the Shining One.
   437 | D:1      | Gained mutation: You are partially covered in rugged brown
                  | scales. (AC +1, +3% HP) [demonic ancestry]
   437 | D:1      | Reached XP level 2. HP: 16/22 MP: 2/2
   825 | D:2      | Gained mutation: You have a pair of small horns on your
                  | head. [demonic ancestry]
   825 | D:2      | Reached XP level 3. HP: 11/27 MP: 3/3
   918 | D:2      | Reached skill level 4 in Polearms
  1425 | D:2      | Found a stormy altar of Qazlal.
  1541 | D:2      | Gained mutation: You are partially covered in sharp spines.
                  | [demonic ancestry]
  1541 | D:2      | Reached XP level 4. HP: 33/33 MP: 4/4
  1759 | D:3      | Found a basalt altar of Yredelemnul.
  1886 | D:3      | Reached skill level 5 in Polearms
  2386 | D:4      | Reached XP level 5. HP: 19/39 MP: 5/5
  2583 | D:4      | Found a snail-covered altar of Cheibriados.
  2589 | D:4      | Found a staircase to the Ecumenical Temple.
  2599 | Temple   | Entered the Ecumenical Temple
  2702 | D:4      | Found a shadowy altar of Dithmenos.
  3237 | D:4      | Found a runed door.
  3263 | D:4      | Noticed Crazy Yiuf
  3268 | D:4      | Killed Crazy Yiuf
  3268 | D:4      | Reached skill level 6 in Polearms
  3375 | D:5      | Entered Level 5 of the Dungeon
  3443 | D:5      | Noticed a centaur
  3452 | D:5      | Killed a centaur
  3452 | D:5      | Gained mutation: You sometimes gain a little power by
                  | taking damage. [demonic ancestry]
  3452 | D:5      | Reached XP level 6. HP: 23/45 MP: 6/6
  3489 | D:5      | Noticed Ijyb
  3636 | D:5      | Killed Ijyb
  3846 | D:5      | Found a sacrificial altar of Ru.
  3894 | D:5      | Found a deep blue altar of Sif Muna.
  3935 | D:5      | Found an ornate altar of the Wu Jian Council.
  4090 | D:6      | Reached skill level 7 in Polearms
  4129 | D:6      | Noticed Menkaure
  4131 | D:6      | Noticed Edmund
  4148 | D:6      | Slain by Edmund

Vault maps used:
D:1:      dpeg_arrival_chase, tso_altar
D:2:      grunt_qazlal_clouds, minmay_misc_feat_tower
D:3:      yredelemnul_altar_generic, first_ration,
          hangedman_abyss_or_decor_lesser_grid, hangedman_decor_diamond_cutter
D:4:      lemuel_doored_altar, kennysheep_mini_moat,
          minmay_temple_entry_junction, uniq_crazy_yiuf_cottage
D:5:      led_sif_pool, kennysheep_little_box, basic_altar, st_stairs_14,
          uniq_ijyb
D:6:      lemuel_crystal_altar, lemuel_flame_loot_1, uniq_edmund, uniq_grinder,
          uniq_menkaure
Temple:   corrupted_temple

Skill      XL: |  1  2  3  4  5  6 |
---------------+-------------------+-----
Polearms       | 3 4 5 6 7 |  7.2
Fighting       | |  2.0
Throwing       | |  1.7
Dodging        | |  2.6

Action                   |  1- 3 |  4- 6 || total
-------------------------+-------+-------++-------
Melee: Trident           |   116 |   161 ||   277
       Headbutt          |    11 |    29 ||    40
       Dagger            |     1 |       ||     1
       Unarmed           |       |    30 ||    30
  Use: Scroll            |       |    15 ||    15
 Stab: Sleeping          |     3 |       ||     3
  Eat: Chunk             |     1 |     9 ||    10
Armor: Leather armour    |    25 |     3 ||    28
       Scale mail        |       |    36 ||    36
Dodge: Dodged            |    66 |    79 ||   145

Table legend:
 A = Non-vault XP
 B = Vault XP
 C = Vault XP percentage of total XP
 D = Non-vault monster count
 E = Vault monster count
 F = Vault count percentage of total count
                 A         B        C        D         E       F
            +---------+---------+-------+---------+---------+-------
      Total |     606 |      98 |  13.9 |      86 |       3 |   3.4
            +---------+---------+-------+---------+---------+-------
        D:1 |      23 |       0 |   0.0 |      16 |       0 |   0.0
        D:2 |      79 |       0 |   0.0 |      22 |       0 |   0.0
        D:3 |      77 |       0 |   0.0 |      22 |       0 |   0.0
        D:4 |     111 |      41 |  27.0 |       6 |       1 |  14.3
        D:5 |     220 |      57 |  20.6 |      10 |       2 |  16.7
        D:6 |      96 |       0 |   0.0 |      10 |       0 |   0.0
            +---------+---------+-------+---------+---------+-------

Table legend:
 A = Turns spent in this place as a percentage of turns spent in the entire game.
 B = Non-inter-level travel turns spent in this place as a percentage of non-inter-level travel turns spent in the entire game.
 C = Inter-level travel turns spent in this place as a percentage of turns spent in this place.
 D = Turns resting spent in this place as a percentage of non-inter-level travel turns spent in this place.
 E = Turns spent auto-exploring this place as a percentage of non-inter-level travel turns spent in this place.
 F = Non-inter-level travel turns spent in this place divided by the number of levels of this place that you've seen.
                   A       B       C       D       E      F
               +-------+-------+-------+-------+-------+----------------------
         Total | 100.0 | 100.0 |   2.6 |  18.8 |  64.4 | 577.3
       Dungeon |  99.0 |  99.3 |   2.3 |  18.9 |  64.2 | 668.5
        Temple |   1.0 |   0.7 |  28.6 |   0.0 |  90.0 |  30.0
               +-------+-------+-------+-------+-------+----------------------

Table legend:
 A = Kills in this place as a percentage of kills in entire the game.
 B = Kills by you in this place as a percentage of kills by you in the entire game.
 C = Kills by friends in this place as a percentage of kills by friends in the entire game.
 D = Other kills in this place as a percentage of other kills in the entire game.
 E = Experience gained in this place as a percentage of experience gained in the entire game.
 F = Experience gained in this place divided by the number of levels of this place that you have seen.
                   A       B       C       D       E      F
               +-------+-------+-------+-------+-------+----------------------
         Total | 100.0 | 100.0 |   N/A |   N/A | 100.0 | 100.6
       Dungeon | 100.0 | 100.0 |   N/A |   N/A | 100.0 | 117.3
               +-------+-------+-------+-------+-------+----------------------
